 Dungeon Crawl Stone Soup version 0.28-a0-1312-g71652a0310 (webtiles) character file.

Game seed: 16796539637412168083

1997 tilp the Basher (level 9, -3/71 HPs)
             Began as a White Draconian Cinder Acolyte on Dec 27, 2021.
             Was a High Priest of Ignis.
             Slain by a komodo dragon (22 damage)
             ... on level 8 of the Dungeon.
             The game lasted 00:09:10 (8502 turns).

tilp the Basher (White Draconian Cinder Acolyte)    Turns: 8502, Time: 00:09:11

Health: -3/71      AC: 10    Str: 17    XL:     9   Next: 2%
Magic:  17/19      EV: 11    Int: 23    God:    Ignis [*****.]
Gold:   340        SH:  0    Dex:  6    Spells: 8/10 levels left

rFire   + . .      SeeInvis .   a - +0 whip (elec)
rCold   + + .      Faith    .   (no shield)
rNeg    . . .      Spirit   .   (armour unavailable)
rPois   .          Reflect  .   (helmet restricted)
rElec   +          Harm     .   f - +1 cloak
rCorr   .          Rampage  .   z - +0 pair of gloves "Bizo" {rElec rC+ Int+4}
Will    .....                   (no boots)
Stlth   +.........              l - amulet of regeneration
HPRegen 1.01/turn               h - ring of magical power
MPRegen 0.16/turn               (no ring)

@: hasted, very quick
A: breathe frost, AC +7, unfitting armour, cold resistance 1, cold-blooded
a: Breathe Frost, Renounce Religion, Fiery Armour, Foxfire Swarm, Rising Flame


You were on level 8 of the Dungeon.
You worshipped Ignis.
Ignis was extremely pleased with you.
You visited 1 branch of the dungeon, and saw 8 of its levels.

You collected 475 gold pieces.
You spent 135 gold pieces at shops.

Inventory:

Hand Weapons
 a - a +0 whip of electrocution (weapon)
 b - a -1 mace of flaming
 y - a +1 flail of holy wrath
Missiles
 e - 3 boomerangs
 g - 4 javelins
 n - 34 poisoned darts (quivered)
Armour
 c - a +1 kite shield of fire resistance
 f - a +1 cloak (worn)
 q - a +2 kite shield
 u - a +0 pair of gloves
 z - the +0 pair of gloves "Bizo" (worn) {rElec rC+ Int+4}
   (You found it on level 8 of the Dungeon)

   Int:       It affects your intelligence (+4).
   rC:        It protects you from cold.
   rElec:     It insulates you from electricity.
 B - a +0 buckler
Magical Staves
 m - a staff of air
 v - a staff of poison
Jewellery
 h - a ring of magical power (left hand)
 l - an amulet of regeneration (around neck)
Wands
 k - a wand of polymorph (10)
 w - a wand of flame (7)
Scrolls
 o - 3 scrolls of amnesia
 p - 4 scrolls of teleportation
Potions
 d - 2 potions of cancellation
 i - 4 potions of flight
 r - 3 potions of brilliance
 s - 3 potions of might
 t - a potion of attraction
 x - 2 potions of curing
 A - a potion of heal wounds


   Skills:
 - Level 4.0 Fighting
 + Level 10.7 Maces & Flails
 - Level 2.0 Dodging
 - Level 2.0 Stealth
 + Level 0.3 Shields
 - Level 1.0 Spellcasting
 - Level 2.4 Fire Magic
 - Level 4.0 Evocations


You had 8 spell levels left.
You knew the following spells:

 Your Spells              Type           Power      Damage    Failure   Level
a - Scorch                Fire           24%        2d6       9%          2

Your spell library contained the following spells:

 Spells                   Type           Power      Damage    Failure   Level
 Confusing Touch          Hex            1%         N/A       38%         3
 Yara's Violent Unravell  Hex/Tmut       0%         3d3       98%         5
 Enfeeble                 Hex            0%         N/A       100%        7


Dungeon Overview and Level Annotations

Branches:
Dungeon (8/15)             Temple (0/1) D:4
   Lair: D:8-11

Altars:
Yredelemnul

Shops:
D:3 ([   D:4 *

Annotations:
D:7 3 runed translucent doors, Joseph; melvinkitnick's ghost, novice DEVM
D:8 3 runed translucent doors, dig vault (D13ish), ThreePoint314's ghost, novice HOBe


Innate Abilities, Weirdness & Mutations

You can breathe waves of freezing cold which knock back foes.
Your icy white scales are hard. (AC +7)
You cannot fit into any form of body armour.
Your flesh is cold resistant. (rC+)
You are cold-blooded and may be slowed by cold attacks.


Message History

You closely miss the komodo dragon.
The komodo dragon is moderately wounded.
You have got your breath back.
The komodo dragon bites you!
You are too injured to fight recklessly!
You are too injured to fight recklessly!
You hit the komodo dragon.
The komodo dragon is heavily wounded.
You hit the komodo dragon but do no damage.
The komodo dragon is heavily wounded.
The komodo dragon bites you.
You barely miss the komodo dragon.
The komodo dragon is heavily wounded.
You hit the komodo dragon but do no damage.
The komodo dragon is heavily wounded.
The komodo dragon bites you.
You hit the komodo dragon but do no damage.
You tail-slap the komodo dragon, but do no damage.
The komodo dragon is heavily wounded.
You hit the komodo dragon but do no damage.
The komodo dragon is heavily wounded.
The komodo dragon barely misses you.
You hit the komodo dragon but do no damage.
The komodo dragon is heavily wounded.
The komodo dragon closely misses you.
You hit the komodo dragon but do no damage.
The komodo dragon is heavily wounded.
You hit the komodo dragon but do no damage.
The komodo dragon is heavily wounded.
The komodo dragon bites you but does no damage.
You hit the komodo dragon.
The komodo dragon is heavily wounded.
You hit the komodo dragon.
You tail-slap the komodo dragon, but do no damage.
The komodo dragon is heavily wounded.
The komodo dragon bites you!!
* * * LOW HITPOINT WARNING * * *
You feel better. The komodo dragon barely misses you.
You feel yourself speed up. The komodo dragon bites you!!
You die...

.#..#............####
###.............## #
################ ##
#####.####.# .##.#
##.........###.#.# ##
##....###........##..##
##..###.####............
..### ### ####.#.......
### ##@.#.... # #...l###
... # #...### . ##


You could see a komodo dragon.

Vanquished Creatures
  A wyvern (D:8)
  A steam dragon (D:4)
  3 black bears
  2 centaurs
  A phantom (D:6)
  A bullfrog (D:8)
  A scorpion (D:5)
  A gnoll sergeant (D:7)
  A water moccasin skeleton (D:6)
  4 howler monkeys
  2 bullfrog zombies
  A centaur zombie (D:6)
  A gnoll shaman (D:7)
  2 hounds (D:6)
  2 jellies (D:5)
  A centaur skeleton (D:6)
  A bullfrog skeleton (D:5)
  7 iguanas
  An orc wizard (D:7)
  A killer bee zombie (D:5)
  A howler monkey zombie (D:7)
  8 adders
  9 gnolls
  A shadow imp (D:6)
  4 white imps
  An ufetubus (D:7)
  3 worms (D:2)
  11 dart slugs
  6 orcs
  4 bats
  3 endoplasms
  3 giant cockroaches
  5 hobgoblins
  5 jackals
  3 quokkas
  8 ball pythons
  4 frilled lizards
  4 goblins
  6 kobolds
  5 rats
129 creatures vanquished.

Vanquished Creatures (others)
  4 plants (D:5)
4 creatures vanquished.

Grand Total: 133 creatures vanquished

Notes
Turn   | Place    | Note
-------+----------+-------------------------------------------
     0 | D:1      | tilp the Draconian Cinder Acolyte began the quest for the
                  | Orb.
     0 | D:1      | Reached XP level 1. HP: 19/19 MP: 2/2
    28 | D:1      | You fall into a shaft and drop 1 floor!
   269 | D:1      | Found a faded altar of an unknown god.
   476 | D:1      | Reached XP level 2. HP: 26/26 MP: 3/3
   492 | D:1      | Learned a level 2 spell: Scorch
  1158 | D:2      | Reached skill level 4 in Maces & Flails
  1209 | D:2      | Reached XP level 3. HP: 31/31 MP: 4/4
  1927 | D:2      | Reached skill level 5 in Maces & Flails
  1927 | D:2      | Reached XP level 4. HP: 37/38 MP: 5/5
  2160 | D:3      | Found Qoeschin's Antique Armour Shop.
  2205 | D:3      | Bought an embroidered cloak for 135 gold pieces
  2509 | D:3      | Found Dofeth's Weapon Shop.
  2633 | D:3      | Reached XP level 5. HP: 45/45 MP: 6/6
  2710 | D:3      | Found a basalt altar of Yredelemnul.
  3019 | D:4      | Noticed a black bear
  3019 | D:4      | Noticed a steam dragon
  3042 | D:3      | Killed a black bear
  3043 | D:3      | Reached skill level 6 in Maces & Flails
  3043 | D:3      | Reached skill level 1 in Dodging
  3043 | D:3      | Reached skill level 1 in Stealth
  3270 | D:4      | Found a staircase to the Ecumenical Temple.
  3344 | D:4      | Killed a steam dragon
  3345 | D:4      | Reached skill level 1 in Evocations
  3345 | D:4      | Reached XP level 6. HP: 9/52 MP: 7/7
  4055 | D:4      | Found Agymatu's General Store.
  4222 | D:5      | Entered Level 5 of the Dungeon
  4387 | D:5      | Your scales start taking on an icy white colour.
  4387 | D:5      | Reached XP level 7. HP: 44/59 MP: 8/8
  4387 | D:5      | Gained mutation: Your flesh is cold resistant. (rC+) [White
                  | Draconian growth]
  4702 | D:5      | Identified the +2 falchion of Defence by Offence {vorpal,
                  | rC++ Stlth-}
  5757 | D:6      | Reached skill level 7 in Maces & Flails
  6196 | D:6      | Reached XP level 8. HP: 61/66 MP: 9/9
  6210 | D:6      | Reached skill level 8 in Maces & Flails
  6309 | D:6      | Reached skill level 9 in Maces & Flails
  6736 | D:7      | Noticed Joseph
  7304 | D:7      | Found a runed translucent gate.
  7304 | D:7      | Found a runed translucent gate.
  7304 | D:7      | Found a runed translucent gate.
  7304 | D:7      | Noticed melvinkitnick's ghost (novice DEVM)
  7570 | D:8      | Identified the +0 pair of gloves "Bizo" {rElec rC+ Int+4}
  7602 | D:8      | Noticed a slime creature
  7602 | D:8      | Noticed a komodo dragon
  7602 | D:8      | Noticed a six-headed hydra
  7621 | D:8      | Found a runed translucent gate.
  7641 | D:8      | Reached skill level 10 in Maces & Flails
  7827 | D:8      | Noticed a tengu warrior
  7827 | D:8      | Noticed a komodo dragon
  7827 | D:8      | Noticed a troll
  7827 | D:8      | Noticed a two-headed ogre
  7840 | D:8      | Noticed a boulder beetle
  7992 | D:8      | Found a runed translucent gate.
  7992 | D:8      | Found a runed translucent gate.
  8054 | D:8      | Noticed ThreePoint314's ghost (novice HOBe)
  8099 | D:7      | Reached XP level 9. HP: 38/71 MP: 3/10
  8477 | D:8      | Noticed a komodo dragon
  8502 | D:8      | Slain by a komodo dragon

Illustrated notes

Levels and vault maps discovered:
D:1:      ncdulo_lavacross, layout_loops_ring, shapermc_ecumenical_altar_venn
D:2:      kennysheep_big_flooded_room, layout_basic, roderic_serpentine_path,
          minivault_19, minmay_pentomino_w4
D:3:      minmay_angry_zag, layout_basic, mainiacjoe_overflow_six_doors_small,
          serial_shops, shop_coins, shop_fountains
D:4:      kennysheep_slugbush, layout_loops_ring, minmay_temple_entry_slanted,
          serial_shops, nicolae_shop_statue_plus
D:5:      layout_rooms, serial_bayou, serial_bayou_lagoon_a,
          serial_bayou_lake_a, serial_bayou_pond_a, serial_bayou_shore_a,
          serial_bayou_crossing, minmay_checkerbox
D:6:      minmay_chambers_of_threes, layout_rooms, kennysheep_cross_room
D:7:      layout_basic, ebering_ghost_rock_garden, nicolae_elevator_lobby_plus,
          uniq_joseph
D:8:      layout_cave_pools, erik_lair_dragon, ebering_ghost_rock_garden,
          minivault_12

Skill      XL: |  1  2  3  4  5  6  7  8 |
---------------+-------------------------+-----
Maces & Flails | 4 5 6 7 10 | 10.7
Dodging        | 2 |  2.0
Stealth        | 2 |  2.0
Fighting       | 4 |  4.0
Evocations     | 1 3 4 |  4.0
Fire Magic     | 2 |  2.4
Shields        | |  0.3
Spellcasting   | |  1.0

Action                   |  1- 3 |  4- 6 |  7- 9 || total
-------------------------+-------+-------+-------++-------
Melee: Mace              |    65 |       |       ||    65
       Tailslap          |     3 |     7 |    14 ||    24
       Whip              |       |    91 |   166 ||   257
 Cast: Scorch            |    27 |    33 |    89 ||   149
 Abil: Breathe Frost     |       |       |     5 ||     5
  Use: Scroll            |     3 |     5 |     5 ||    13
       Potion            |       |       |     3 ||     3
Armor: Skin              |    18 |    38 |    69 ||   125
Dodge: Dodged            |    56 |    59 |   109 ||   224

Table legend: (Time is in decaauts)
 A = Elapsed time spent in this place.
 B = Non-inter-level travel time spent in this place.
 C = Inter-level travel time spent in this place.
 D = Time resting spent in this place.
 E = Time spent auto-exploring this place.
 F = Levels seen in this place.
 G = Mean time per level.
                   A        B        C        D        E       F      G
               +--------+--------+--------+--------+--------+-----+--------+
         Total |   8553 |   8247 |    306 |    563 |   6556 |   8 | 1069.1 |
       Dungeon |   8553 |   8247 |    306 |    563 |   6556 |   8 | 1069.1 |
               +--------+--------+--------+--------+--------+-----+--------+

Top non-repeatable levels by time:
     D:7: 1328 daAuts
     D:5: 1270 daAuts
     D:4: 1203 daAuts
     D:1: 1100 daAuts
     D:2: 1046 daAuts
     D:6: 929 daAuts
     D:3: 904 daAuts
     D:8: 771 daAuts
